 Seeded DCSS version 0.30-a0-134-gb40fab5c76 (webtiles) character file.

Game seed: 17990219230249953347 (custom seed)

239 innerfire433 the Poker (level 5, -12/44 HPs)
             Began as a Demonspawn Monk on Sept 20, 2022.
             Was a Believer of Nemelex Xobeh.
             Killed by an exploding goblin (16 damage)
             ... ignited by their inner flame
             ... on level 2 of the Dungeon.
             The game lasted 00:05:56 (1700 turns).

innerfire433 the Poker (Demonspawn Monk)            Turns: 1700, Time: 00:05:58

Health: -12/44     AC: 10    Str: 13    XL:     5   Next: 79%
Magic:  5/5        EV:  7    Int: 11    God:    Nemelex Xobeh [**....]
Gold:   100        SH:  0    Dex: 16    Spells: 4/4 levels left

rFire   . . .      SeeInvis .    d - +0 trident (drain)
rCold   . . .      Faith    .    (no shield)
rNeg    . . .      Spirit   .    e - +0 chain mail
rPois   .          Reflect  .    (no helmet)
rElec   .          Harm     .    (no cloak)
rCorr   .          Rampage  .    (no gloves)
Will    .....                    (no boots)
Stlth   ..........               (no amulet)
HPRegen 0.14/turn                (no ring)
MPRegen 0.09/turn                (no ring)

@: flying
A: rugged brown scales 2
a: Renounce Religion, Draw Escape, Draw Destruction, Draw Summoning


You were on level 2 of the Dungeon.
You worshipped Nemelex Xobeh.
Nemelex Xobeh was pleased with you.
You visited 1 branch of the dungeon, and saw 2 of its levels.

You collected 100 gold pieces.

Inventory:

Hand Weapons
 a - a +0 spear
 d - a +0 trident of draining (weapon)
Armour
 b - a +0 robe
 e - a +0 chain mail (worn)
 f - a +0 ring mail
Magical Staves
 g - a staff of air
Scrolls
 h - 3 scrolls of teleportation {unknown}


   Skills:
 + Level 3.9 Fighting
 * Level 4.2 Polearms
 + Level 2.0 Armour
 + Level 3.6 Dodging
 - Level 1.9 Stealth


You had 4 spell levels left.
You didn't know any spells.
Your spell library contained the following spells:

 Spells                   Type           Power      Damage    Failure   Level
 Apportation              Tloc           0%         N/A       100%        1
 Beastly Appendage        Tmut           0%         N/A       100%        1
 Necrotise                Necr           0%         1d4       100%        1
 Summon Small Mammal      Summ           0%         N/A       100%        1
 Wereblood                Tmut           0%         N/A       100%        2
 Spider Form              Tmut/Pois      0%         N/A       100%        3


Dungeon Overview and Level Annotations

Branches:
Dungeon (2/15)

Altars:
Nemelex Xobeh

Shops:
D:2 =*[=

Annotations:
D:2 Robin


Innate Abilities, Weirdness & Mutations

You are mostly covered in rugged brown scales. (AC +2, +5% HP)


Message History

You kill the hobgoblin!
The hobgoblin twitches.
The hobgoblin seems to slow down.
The air around the goblin crackles with energy.
The goblin seems to slow down.
The air around the goblin burns with energy.
Rocks fall onto the goblin out of nowhere.
You feel a surge of magic. Something hits you but does no damage.
Robin throws the goblin at you!
You draw a card...
You have drawn Vitriol.
Press: ? - help, Shift-Dir - straight line, f - goblin
Aim: a goblin, wielding a +0 club (heavily wounded, strong)
The glob of acid hits something!!
The acid corrodes something!
Reactivating autopickup.
You feel a bit more experienced.
The hobgoblin no longer looks unusually strong.
Robin throws the goblin at you! The goblin hits you with a +0 dagger.
* * * LOW HITPOINT WARNING * * *
Your Polearms skill increases to level 4!
Your Armour skill increases to level 2!
You have reached level 5!
You aren't carrying any potions.
As you read the scroll labelled KASTO AMUNG, it crumbles to dust.
The creatures around you are filled with an inner flame!
It was a scroll of immolation.
The goblin no longer looks unusually strong.
The goblin barely misses you. The goblin closely misses you.
As you read the scroll labelled LAGOR GE PED, it crumbles to dust.
You hear a loud clanging noise!
It was a scroll of noise.
You hear an angry hiss.
The goblin barely misses you. The goblin hits you but does no damage.
You hit the goblin.
Flame seeps out of the goblin. x2; You drain the goblin.
The goblin is severely wounded.
The goblin is no longer moving slowly.
The goblin hits you but does no damage.
The goblin is engulfed in blazing flames.
The goblin explodes!
The fiery explosion engulfs you!
You die...
Your body disappears without a glow. gg

#.# g. #.# gg #.#
#g ###.# #. ...#
####. #..#
#.$..#########..#
###..ggggg@○.[.#
#.....g######.##
#.###..# #.# ..
#..# #†# ##
.#..######.######
.#..#.............#
##
...#########.####.#
. ... #.# #.#
#####. ..## #.# #.#
##.#


You could see Robin (inner flame), a hobgoblin (inner flame, strong) and 4
goblins.

Vanquished Creatures
  Sigmund (D:2)
  Terence (D:2)
  2 adders (D:2)
  4 endoplasms
  A giant cockroach (D:2)
  5 goblins
  6 hobgoblins
  A kobold (D:1)
  2 quokkas (D:1)
  4 ball pythons
  3 bats (D:1)
  A frilled lizard (D:1)
  5 rats
36 creatures vanquished.

Vanquished Creatures (collateral kills)
  A goblin (D:2)
1 creature vanquished.

Grand Total: 37 creatures vanquished

Notes
Turn   | Place    | Note
-------+----------+-------------------------------------------
     0 | D:1      | innerfire433 the Demonspawn Monk began the quest for the
                  | Orb.
     0 | D:1      | Reached XP level 1. HP: 18/18 MP: 1/1
   239 | D:1      | Gained mutation: You are partially covered in rugged brown
                  | scales. (AC +1, +3% HP) [demonic ancestry]
   239 | D:1      | Reached XP level 2. HP: 18/24 MP: 2/2
   944 | D:1      | Reached skill level 3 in Polearms
  1020 | D:2      | Gained mutation: You are mostly covered in rugged brown
                  | scales. (AC +2, +5% HP) [demonic ancestry]
  1020 | D:2      | Reached XP level 3. HP: 15/30 MP: 3/3
  1222 | D:2      | Found Hiojumir's Jewellery Boutique.
  1229 | D:2      | Found Kesoowipa's Armour Shop.
  1247 | D:2      | Found Cenax's General Store.
  1250 | D:2      | Noticed Terence
  1261 | D:2      | Killed Terence
  1262 | D:2      | Reached skill level 1 in Armour
  1445 | D:2      | Found Unelaong's Jewellery Emporium.
  1457 | D:2      | Reached XP level 4. HP: 36/36 MP: 4/4
  1541 | D:2      | Found a sparkling altar of Nemelex Xobeh.
  1582 | D:2      | Became a worshipper of Nemelex Xobeh the Trickster
  1582 | D:2      | Reached * piety under Nemelex Xobeh
  1582 | D:2      | Received a gift from Nemelex Xobeh
  1582 | D:2      | Reached ** piety under Nemelex Xobeh
  1632 | D:2      | Noticed Sigmund
  1675 | D:2      | Noticed Robin
  1697 | D:2      | Killed Sigmund
  1698 | D:2      | Reached skill level 4 in Polearms
  1698 | D:2      | Reached XP level 5. HP: 4/44 MP: 5/5
  1700 | D:2      | Killed by an exploding goblin... ignited by their inner
                  | flame

Illustrated notes

Levels and vault maps discovered:
D:1:      nicolae_arrival_memento_mori, layout_loops_ring, bh_walls_and_bars
D:2:      layout_loops_ring, serial_shops, shop, nicolae_shop_waterfront,
          nicolae_shop_crystal, shop_statue, basic_altar, uniq_robin,
          uniq_sigmund, uniq_terence

Skill      XL: |  1  2  3  4 |
---------------+-------------+-----
Polearms       | 3 4 |  4.2
Dodging        | 3 |  3.6
Armour         | 1 2 |  2.0
Fighting       | |  3.9
Stealth        | |  1.9

Action                   |  1- 3 |  4- 6 || total
-------------------------+-------+-------++-------
Melee: Spear             |    34 |       ||    34
       Trident           |    47 |    41 ||    88
       Punch             |     1 |       ||     1
Invok: Draw Destruction  |       |     2 ||     2
       Draw Summoning    |       |     1 ||     1
  Use: Scroll            |     1 |     2 ||     3
       Potion            |       |     3 ||     3
 Stab: Sleeping          |     6 |       ||     6
Armor: Robe              |     7 |       ||     7
       Chain mail        |    19 |    41 ||    60
Dodge: Dodged            |    23 |    20 ||    43

Table legend: (Time is in decaauts)
 A = Elapsed time spent in this place.
 B = Non-inter-level travel time spent in this place.
 C = Inter-level travel time spent in this place.
 D = Time resting spent in this place.
 E = Time spent auto-exploring this place.
 F = Levels seen in this place.
 G = Mean time per level.
                   A        B        C        D        E       F      G
               +--------+--------+--------+--------+--------+-----+--------+
         Total |   1710 |   1706 |      4 |      0 |   1351 |   2 |  855.0 |
       Dungeon |   1710 |   1706 |      4 |      0 |   1351 |   2 |  855.0 |
               +--------+--------+--------+--------+--------+-----+--------+

Top non-repeatable levels by time:
     D:1: 1006 daAuts
     D:2: 703 daAuts
